 Dungeon Crawl Stone Soup version 0.21-a0-450-gd87a9b27c2 (webtiles) character file.

3156 Cecky the Transmogrifier (level 9, -2/75 HPs)
             Began as a Merfolk Transmuter on Nov 20, 2017.
             Was an Initiate of Fedhas.
             Slain by an orc
             ... wielding a +0 trident
              (10 damage)
             ... on level 6 of the Dungeon.
             The game lasted 00:33:16 (8871 turns).

Cecky the Transmogrifier (Merfolk Transmuter)       Turns: 8871, Time: 00:33:17

Health: -2/75      AC:  2    Str: 10    XL:     9   Next: 93%
Magic:  7/14       EV: 14    Int: 15    God:    Fedhas [......]
Gold:   187        SH:  0    Dex: 15    Spells: 6/15 levels left

rFire    . . .     SeeInvis .     - Unarmed
rCold    . . .     Gourm    .   (shield currently unavailable)
rNeg     . . .     Faith    .   b - +0 robe
rPois    +         Spirit   .   (no helmet)
rElec    .         Reflect  .   (no cloak)
rCorr    .         Harm     .   (gloves currently unavailable)
MR       .....                  (no boots)
Stlth    +.........             (no amulet)
HPRegen  0.22/turn              (no ring)
MPRegen  0.14/turn              (no ring)

@: blade hands, slowed, very slow
A: change form in water, swift swim, stealthy swim, poison resistance, robust 1
a: End Transformation, Fungal Bloom, Renounce Religion


You were on level 6 of the Dungeon.
You worshipped Fedhas.
Fedhas was noncommittal.
You were hungry.
You had blades for hands.
You visited 2 branches of the dungeon, and saw 7 of its levels.

You collected 187 gold pieces.

Inventory:

Missiles
 a - 182 arrows
 m - 2 tomahawks (quivered)
Armour
 b - a +0 robe (worn)
 p - a +0 helmet
 D - a +2 hat
Jewellery
 l - a cursed ring of loudness {unknown}
 z - an uncursed ring of see invisible {unknown}
 C - an uncursed ring of fire {unknown}
Wands
 y - a wand of disintegration (9/24)
Scrolls
 i - a scroll of amnesia {unknown}
 k - 3 scrolls of identify {unknown}
 o - a scroll of random uselessness {unknown}
 t - 2 scrolls of magic mapping {unknown}
 u - 2 scrolls of remove curse {unknown}
 w - a scroll of recharging {unknown}
 x - 2 scrolls of enchant weapon {unknown}
Potions
 e - a potion of heal wounds {unknown}
 f - a potion of ambrosia {unknown}
 g - a potion of lignification {unknown}
 h - a potion of might {unknown}
 n - 2 potions of flight
 q - 4 potions of brilliance
 r - 2 potions of haste {unknown}
 s - 2 potions of agility {unknown}
 v - 2 potions of mutation
 A - a potion of invisibility {unknown}
Books
 c - a book of Changes

   Spells                             Type                      Level
   a - Beastly Appendage              Transmutation                1
   b - Sticks to Snakes               Transmutation                2
   c - Spider Form                    Transmutation/Poison         3
   d - Ice Form                       Ice/Transmutation            4
   e - Blade Hands                    Transmutation                5
Comestibles
 d - 3 bread rations
 j - 5 meat rations
 E - 2 royal jellies


   Skills:
 + Level 5.6 Fighting
 + Level 4.2 Dodging
 + Level 10.1 Unarmed Combat
 + Level 3.6 Spellcasting
 - Level 10.5 Transmutations


You had 6 spell levels left.
You knew the following spells:

 Your Spells              Type           Power        Failure   Level  Hunger
a - Beastly Appendage     Tmut           ####..       10%         1    None
b - Spider Form           Tmut/Pois      ###.......   36%         3    ###....
c - Blade Hands           Tmut           ####......   38%         5    ######.


Dungeon Overview and Level Annotations

Branches:
Dungeon (6/15)             Temple (1/1) D:4

Altars:
Ashenzari
Cheibriados
Dithmenos
Fedhas
Gozag
Hepliaklqana
Kikubaaqudgha
Makhleb
Nemelex Xobeh
Okawaru
Ru
Sif Muna
Uskayaw
Vehumet
Wu Jian
Xom
Yredelemnul
Zin
The Shining One


Innate Abilities, Weirdness & Mutations

You revert to your normal form in water.
You are very nimble and swift while swimming.
You are very stealthy in the water. (Stealth+)
Your system is resistant to poisons. (rPois)
You are robust. (+10% HP)


Message History

The orc wizard barely misses you.
You closely miss the orc wizard.
The orc wizard is heavily wounded.
The orc wizard hits you with a dagger. The orc barely misses you.
The orc wizard hits you with a dagger.
* * * LOW HITPOINT WARNING * * *
You hit the orc wizard but do no damage.
The orc wizard is heavily wounded.
The orc wizard gestures at you while chanting.
The magic dart hits you!
* * * LOW HITPOINT WARNING * * *
The orc closely misses you. The orc wizard casts a spell at you.
The magic dart hits you!
* * * LOW HITPOINT WARNING * * *
You barely miss the orc wizard.
The orc wizard is heavily wounded.
The orc hits you from afar with a trident!
You die...
Fedhas appreciates your contribution to the ecosystem.

#.# #.# #.# #.# #.#
#.# #.#
#.###############.#
#..........@oo)...#
###################


You could see an orc wizard and an orc.

Vanquished Creatures
  A two-headed ogre (D:4)
  Pikel (D:4)
  Menkaure (D:4)
  An ice beast (D:5)
  A sky beast (D:5)
  A phantom (D:4)
  3 ogres
  4 centaurs
  A bullfrog (D:6)
  3 scorpions
  A centaur zombie (D:5)
  3 bullfrog zombies
  2 jellies (D:5)
  2 orc priests
  A centaur skeleton (D:6)
  3 iguanas
  3 iron imps (D:5)
  4 orc wizards
  Ijyb (D:3)
  2 worker ants
  2 hound skeletons
  A worker ant zombie (D:5)
  5 gnolls (D:3)
  4 adders
  2 shadow imps (D:5)
  An ooze (D:6)
  A worm (D:4)
  2 leopard geckos
  19 orcs
  A ball python (D:3)
  5 giant cockroaches
  8 goblins
  7 hobgoblins
  7 jackals
  10 kobolds
  A quokka (D:6)
  8 bats
  4 frilled lizards
  2 hobgoblin zombies (D:5)
  2 kobold zombies (D:5)
  An orc skeleton (D:5)
  An orc zombie (D:5)
  A quokka skeleton (D:5)
  A quokka zombie (D:5)
  6 rats
  A spectral orc (D:4)
142 creatures vanquished.

Notes
Turn   | Place    | Note
-------+----------+-------------------------------------------
     0 | D:1      | Cecky the Merfolk Transmuter began the quest for the Orb.
     0 | D:1      | Reached XP level 1. HP: 15/15 MP: 3/3
   224 | D:1      | Reached XP level 2. HP: 21/21 MP: 3/5
  1053 | D:1      | Reached XP level 3. HP: 21/26 MP: 6/6
  1285 | D:2      | Learned a level 3 spell: Spider Form
  1777 | D:2      | Reached skill level 5 in Transmutations
  2017 | D:2      | Reached XP level 4. HP: 33/33 MP: 3/7
  2882 | D:2      | Reached XP level 5. HP: 27/39 MP: 8/8
  3147 | D:3      | Noticed Ijyb
  3160 | D:3      | Killed Ijyb
  4113 | D:3      | Reached XP level 6. HP: 32/47 MP: 6/9
  4476 | D:3      | Found a shimmering altar of Xom.
  4539 | D:3      | Found an ornate altar of the Wu Jian Council.
  4540 | D:3      | Found a shattered altar of Ashenzari.
  4719 | D:3      | Learned a level 5 spell: Blade Hands
  4815 | D:4      | Found a shadowy altar of Dithmenos.
  4815 | D:4      | Noticed a phantom
  4845 | D:4      | HP: 2/47 [poisoned by an orc wizard]
  4846 | D:4      | Gained mutation: You are frail. (-10% HP) [potion of mutation]
  4846 | D:4      | Gained mutation: You have supernaturally acute eyesight. (SInv) [potion of mutation]
  4869 | D:4      | Killed a phantom
  5091 | D:4      | Lost mutation: You have supernaturally acute eyesight. (SInv) [potion of mutation]
  5091 | D:4      | Lost mutation: You are frail. (-10% HP) [potion of mutation]
  5091 | D:4      | Gained mutation: You are robust. (+10% HP) [potion of mutation]
  5091 | D:4      | Gained mutation: Your system is resistant to poisons. (rPois) [potion of mutation]
  5180 | D:4      | Noticed Pikel
  5180 | D:4      | Noticed a slave
  5180 | D:4      | Noticed a slave
  5180 | D:4      | Noticed a slave
  5181 | D:4      | Noticed a slave
  5196 | D:4      | Killed Pikel
  5196 | D:4      | Reached XP level 7. HP: 33/60 MP: 7/10
  5196 | D:4      | Reached XP level 8. HP: 37/67 MP: 7/11
  5423 | D:4      | Found a basalt altar of Yredelemnul.
  5578 | D:4      | Noticed a two-headed ogre
  5614 | D:4      | Killed a two-headed ogre
  5614 | D:4      | Reached skill level 5 in Fighting
  5771 | D:4      | Found a staircase to the Ecumenical Temple.
  5776 | D:4      | Noticed Menkaure
  5786 | D:4      | Killed Menkaure
  5786 | D:4      | Reached XP level 9. HP: 63/74 MP: 6/12
  5848 | Temple   | Entered the Ecumenical Temple
  5936 | Temple   | Became a worshipper of Fedhas Madash
  5983 | D:4      | Found a hazy altar of Hepliaklqana.
  6649 | D:5      | Entered Level 5 of the Dungeon
  6793 | D:5      | Reached skill level 10 in Transmutations
  6950 | D:5      | Found a snail-covered altar of Cheibriados.
  6953 | D:5      | Found an opulent altar of Gozag.
  7330 | D:5      | Found a glowing golden altar of the Shining One.
  7588 | D:5      | Found a burning altar of Makhleb.
  8781 | D:6      | Reached skill level 10 in Unarmed Combat
  8871 | D:6      | Slain by an orc

Vault maps used:
D:1:      nzn_arrival_water_spiral, serial_glass, glass_columns_b,
          glass_columns_b, due_unseen_surprise, item_on_display_a
D:2:      first_bread, kennysheep_generic_room_14
D:3:      gammafunk_temple_overflow_pools, tgw_xom, uniq_ijyb
D:4:      nicolae_overflow_hidden_temple, grunt_dithmenos_shadows,
          yredelemnul_forgotten_temple_becter, minmay_temple_entry_nine_rooms,
          serial_forest, infiniplex_forest_straight_3, infiniplex_forest_end_1,
          infiniplex_forest_straight_5, infiniplex_forest_lined_3,
          infiniplex_forest_clump_small, infiniplex_forest_lined_1,
          kennysheep_generic_room_10, uniq_menkaure, uniq_pikel
D:5:      nicolae_tso_besieged_by_evil, demons_altar, minitemple
Temple:   dpeg_three_leaves_temple

Skill      XL: |  1  2  3  4  5  6  7  8  9 |
---------------+----------------------------+-----
Transmutations | 3 4 5 6 8 9 10 | 10.5
Fighting       | 2 3 4 5 |  5.6
Unarmed Combat | 6 8 10 | 10.1
Dodging        | 3 4 |  4.2
Spellcasting   | 3 |  3.6

Action                   |  1- 3 |  4- 6 |  7- 9 || total
-------------------------+-------+-------+-------++-------
Melee: Unarmed           |   114 |   210 |   155 ||   479
       Headbutt          |     5 |    12 |     5 ||    22
       Punch             |     2 |     1 |     2 ||     5
 Cast: Beastly Appendage |    15 |    12 |     5 ||    32
       Spider Form       |     2 |    14 |     3 ||    19
       Blade Hands       |       |       |    23 ||    23
  Use: Potion            |       |     7 |     2 ||     9
 Stab: Sleeping          |     2 |       |       ||     2
  Eat: Chunk             |     2 |    11 |     6 ||    19
       Royal jelly       |     1 |       |       ||     1
       Fruit             |       |     1 |       ||     1
       Bread ration      |       |       |     2 ||     2
       Meat ration       |       |       |     1 ||     1
Armor: Robe              |    17 |    12 |     7 ||    36
       Skin              |     1 |     1 |     1 ||     3
Dodge: Dodged            |    68 |   162 |    90 ||   320

Table legend:
 A = Spawn XP
 B = Non-spawn XP
 C = Spawn XP percentage of total XP
 D = Spawn monster count
 E = Non-spawn monster count
 F = Spawn count percentage of total count
 G = Total turns spent on level
                    A         B        C        D         E        F      G
               +---------+---------+-------+---------+---------+-------+---------
         Total |       0 |    4509 |   0.0 |       0 |     142 |   0.0 |  8871
               +---------+---------+-------+---------+---------+-------+---------
           D:1 |       0 |      43 |   0.0 |       0 |      25 |   0.0 |  1470
           D:2 |       0 |     134 |   0.0 |       0 |      20 |   0.0 |  1936
           D:3 |       0 |     219 |   0.0 |       0 |      29 |   0.0 |  1316
           D:4 |       0 |    2241 |   0.0 |       0 |      26 |   0.0 |  1830
           D:5 |       0 |     950 |   0.0 |       0 |      27 |   0.0 |  1727
           D:6 |       0 |     922 |   0.0 |       0 |      15 |   0.0 |   495
               +---------+---------+-------+---------+---------+-------+---------
